 Dungeon Crawl Stone Soup version 0.23.0 (webtiles) character file.

Game seed: 9526216656982824635

2485 Borgoz the Grappler (level 9, -1/71 HPs)
             Began as a Ghoul Gladiator on Feb 10, 2019.
             Killed by the air
             ... invoked by Gastronok
              (31 damage)
             ... on level 8 of the Dungeon.
             The game lasted 00:17:13 (5655 turns).

Borgoz the Grappler (Ghoul Gladiator)               Turns: 5655, Time: 00:17:14

Health: -1/71      AC:  7    Str: 18    XL:     9   Next: 52%
Magic:  8/8        EV: 14    Int:  3    God:
Gold:   330        SH:  0    Dex: 13    Spells: 8/8 levels left

rFire    . . .     SeeInvis .     - Unarmed
rCold    + . .     Gourm    .   (no shield)
rNeg     + + +     Faith    .   x - +0 leather armour {MR+}
rPois    ∞         Spirit   .   b - +0 helmet
rElec    .         Reflect  .   k - +0 cloak
rCorr    .         Harm     .   (no gloves)
MR       +....                  (no boots)
Stlth    ++........             (no amulet)
HPRegen  0.00/turn              (no ring)
MPRegen  0.11/turn              n - +2 ring of protection

@: rotting
A: rotting body, claws 1, carnivore, cold resistance 1, negative energy
resistance 3, inhibited regeneration, torment resistance, unbreathing
a: no special abilities


You were on level 8 of the Dungeon.
You were not hungry.

You visited 2 branches of the dungeon, and saw 9 of its levels.
You also visited: Ossuary.

You collected 330 gold pieces.

Inventory:

Hand Weapons
 j - a +3 quarterstaff of chaos
Missiles
 c - 3 throwing nets (quivered)
 v - 4 poisoned tomahawks
 w - 7 poisoned needles
Armour
 b - a +0 helmet (worn)
 k - a +0 cloak (worn)
 x - a +0 leather armour of magic resistance (worn)
Jewellery
 i - an uncursed ring of teleportation
 n - a +2 ring of protection (right claw)
Scrolls
 a - a scroll of brand weapon {unknown}
 e - 4 scrolls of remove curse
 g - a scroll of teleportation
 h - a scroll of amnesia {unknown}
 l - a scroll of enchant armour
 m - 3 scrolls of magic mapping
 p - 5 scrolls of identify
 q - a scroll of blinking {unknown}
 r - a scroll of fear {unknown}
 s - 3 scrolls of random uselessness {unknown}
 t - 3 scrolls of immolation {unknown}
 y - 2 scrolls of noise {unknown}
 C - a scroll of enchant weapon {unknown}
Potions
 f - 3 potions of flight
 o - 2 potions of haste
 u - a potion of agility {unknown}
 z - a potion of cancellation {unknown}
 A - a potion of ambrosia {unknown}
 B - a potion of invisibility
 D - 2 potions of curing
Comestibles
 d - 9 rations


   Skills:
 + Level 4.3 Fighting
 + Level 1.8 Throwing
 + Level 3.9 Armour
 + Level 5.3 Dodging
 + Level 3.3 Stealth
 + Level 10.7 Unarmed Combat


You had 8 spell levels left.
You didn't know any spells.
Your spell library was empty.

Dungeon Overview and Level Annotations

Branches:
Dungeon (8/15)             Temple (1/1) D:7
   Lair: D:8-11

Altars:
Ashenzari
Dithmenos
Elyvilon
Fedhas
Gozag
Hepliaklqana
Kikubaaqudgha
Makhleb
Nemelex Xobeh
Qazlal
Ru
Sif Muna
Trog
Uskayaw
Vehumet
Wu Jian
Xom
Yredelemnul
The Shining One

Annotations:
D:5 2 transporters, theswoord's ghost, amateur DsAK
D:8 Gastronok; Joseph


Innate Abilities, Weirdness & Mutations

Your body is rotting away.
You thrive on raw meat.
You are immune to poison.
You have sharp fingernails.
You are carnivorous and can eat meat at any time.
Your flesh is cold resistant. (rC+)
You are immune to negative energy. (rN+++)
You do not regenerate when monsters are visible.
You are immune to unholy pain and torment.
You can survive without breathing.


Message History

The hippogriff barely misses you.
You claw the hippogriff!
The hippogriff is moderately wounded.
Joseph screams, "One false step and I'll kill you."
The hippogriff closely misses you. The hippogriff barely misses you.
The hippogriff claws you.
You claw the hippogriff!
The hippogriff is severely wounded.
You closely miss the hippogriff.
The hippogriff is severely wounded.
The hippogriff misses you. The hippogriff barely misses you.
The hippogriff claws you but does no damage.
Okay, then.
You claw the hippogriff! You claw the hippogriff.
You kill the hippogriff!
Joseph unwields a +0 quarterstaff.
Joseph wields a +0 hunting sling.
Joseph shoots a sling bullet.
The sling bullet hits you!
Gastronok waves his eye-stalks in wide circles.
The air twists around and strikes you!
You die...

#.# #.# #.# ##.#
#... ###..#
#.##....########
.#
#......@@(.....#
#.#
#......#######.#
#.# ....... #.#
#.# #.w.... #.#
#.# #.....@
######.####.##
#...H..
#..(.........#
###....
#.####....<..####
#....
#####.......
#.#.###.


You could see Gastronok and Joseph.

Vanquished Creatures
  A hippogriff (D:8)
  A water moccasin (D:7)
  Duvessa (D:6)
  An ice beast (D:5)
  4 ogres
  A phantom (D:5)
  A necrophage (D:8)
  A big kobold (D:7)
  2 bullfrogs (D:7)
  Blork the orc (D:6)
  Dowan (D:6)
  A scorpion (D:4)
  4 killer bees
  A crimson imp (D:5)
  2 centaur zombies (Ossuary)
  2 orc priests
  Crazy Yiuf (D:6)
  A bullfrog skeleton (D:4)
  A centaur skeleton (D:6)
  2 hounds
  A human zombie (Ossuary)
  4 orc wizards
  A jelly (D:6)
  A statue (D:5)
  4 worker ants
  A hound zombie (D:5)
  3 mummies (Ossuary)
  13 adders
  7 gnolls
  2 shadow imps
  An ooze (D:4)
  2 adder skeletons
  A worm (D:3)
  2 dart slugs
  2 leopard geckos
  12 orcs
  A ball python (D:3)
  11 bats
  3 giant cockroaches
  A gnoll zombie (Ossuary)
  16 goblins
  13 hobgoblins
  5 jackals
  5 frilled lizards
  2 goblin zombies (Ossuary)
  2 hobgoblin zombies (Ossuary)
  A jackal zombie (D:8)
  13 kobolds
  5 rats
165 creatures vanquished.

Notes
Turn   | Place    | Note
-------+----------+-------------------------------------------
     0 | D:1      | Borgoz the Ghoul Gladiator began the quest for the Orb.
     0 | D:1      | Reached XP level 1. HP: 17/17 MP: 0/0
   112 | D:1      | Reached XP level 2. HP: 18/24 MP: 1/1
   433 | D:1      | Reached XP level 3. HP: 30/30 MP: 2/2
   437 | D:1      | Reached skill level 4 in Unarmed Combat
   814 | D:2      | Reached skill level 1 in Armour
   851 | D:2      | Reached XP level 4. HP: 30/37 MP: 3/3
  1114 | D:2      | Found a faded altar of an unknown god.
  1688 | D:3      | Reached XP level 5. HP: 29/42 MP: 4/4
  2101 | D:3      | Reached skill level 5 in Unarmed Combat
  2623 | D:4      | Reached XP level 6. HP: 51/51 MP: 5/5
  2630 | D:4      | Found a blossoming altar of Fedhas.
  2849 | D:4      | Reached skill level 6 in Unarmed Combat
  2973 | D:4      | Found a shimmering altar of Xom.
  2973 | D:4      | Found an opulent altar of Gozag.
  3197 | D:4      | Found a stormy altar of Qazlal.
  3226 | D:4      | Reached XP level 7. HP: 57/57 MP: 6/6
  3360 | D:5      | Entered Level 5 of the Dungeon
  3425 | D:5      | Reached skill level 7 in Unarmed Combat
  3482 | D:5      | Noticed theswoord's ghost (amateur DsAK)
  3483 | D:5      | Found a transporter.
  3485 | D:5      | Identified the +3 dire flail "Cerexe" {speed, rF++ Dex-4
                  | SInv}
  3487 | D:5      | Found a transporter.
  3553 | D:5      | Reached skill level 1 in Stealth
  3642 | D:5      | Reached skill level 8 in Unarmed Combat
  3642 | D:5      | Reached XP level 8. HP: 23/66 MP: 7/7
  3680 | D:5      | Found a radiant altar of Vehumet.
  3709 | D:5      | You fall through a shaft!
  3856 | D:6      | Noticed Dowan
  3869 | D:6      | Killed Dowan
  3869 | D:6      | Reached skill level 9 in Unarmed Combat
  3877 | D:6      | Noticed Blork the orc
  3878 | D:6      | Noticed Duvessa
  3890 | D:6      | Killed Duvessa
  3893 | D:6      | Killed Blork the orc
  3899 | D:6      | Found a hazy altar of Hepliaklqana.
  4354 | D:6      | Found a runed translucent door.
  4355 | D:6      | Noticed Crazy Yiuf
  4363 | D:6      | Killed Crazy Yiuf
  4513 | D:7      | Reached XP level 9. HP: 71/71 MP: 8/8
  4524 | D:7      | Found a staircase to the Ecumenical Temple.
  4536 | D:7      | Reached skill level 10 in Unarmed Combat
  4575 | Temple   | Entered the Ecumenical Temple
  4576 | Temple   | HP: 3/71 [killer bee (6)]
  5239 | D:7      | Reached skill level 5 in Dodging
  5267 | D:8      | Found a sand-covered staircase.
  5282 | Ossuary  | Entered an ossuary
  5638 | D:8      | Noticed Joseph
  5646 | D:8      | Noticed Gastronok
  5655 | D:8      | Killed from afar by Gastronok

Skill      XL: |  1  2  3  4  5  6  7  8  9 |
---------------+----------------------------+-----
Dodging        | 3 4 5 |  5.3
Unarmed Combat | 4 5 6 8 9 10 | 10.7
Armour         | 1 2 3 |  3.9
Fighting       | 3 4 |  4.3
Stealth        | 1 2 3 |  3.3
Throwing       | |  1.8

Action                   |  1- 3 |  4- 6 |  7- 9 || total
-------------------------+-------+-------+-------++-------
Melee: Unarmed           |    94 |   268 |   309 ||   671
       Punch             |     3 |     7 |    13 ||    23
  Use: Scroll            |       |     6 |     4 ||    10
       Potion            |       |     2 |     3 ||     5
 Stab: Sleeping          |       |       |     7 ||     7
  Eat: Chunk             |    11 |    30 |    37 ||    78
Armor: Leather armour    |    36 |    63 |    62 ||   161
Dodge: Dodged            |    81 |   178 |   192 ||   451
